 Dungeon Crawl Stone Soup version 0.28-a0-724-g66f9036eb4 (webtiles) character file.

Game seed: 6851036263877694870

54 BlueGoblin the Ducker (level 3, -4/20 HPs)
             Began as a Vampire Monk on Oct 27, 2021.
             Killed from afar by Natasha (10 damage)
             ... with a magic dart
             ... on level 2 of the Dungeon.
             The game lasted 00:05:02 (2124 turns).

BlueGoblin the Ducker (Vampire Monk)                Turns: 2124, Time: 00:05:03

Health: -4/20      AC:  0    Str:  8 (10) XL:     3   Next: 66%
Magic:  3/3        EV: 22    Int: 11 (12) God:
Gold:   54         SH:  0    Dex: 20 (22) Spells: 2/2 levels left

rFire   . . .      SeeInvis +     - Unarmed
rCold   + + .      Faith    .   (shield currently unavailable)
rNeg    + + +      Spirit   .   (armour currently unavailable)
rPois   ∞          Reflect  .   (helmet currently unavailable)
rElec   .          Harm     .   (cloak currently unavailable)
rCorr   .          Rampage  .   (gloves currently unavailable)
Will    .....                   (boots currently unavailable)
Stlth   +++++.....              (no amulet)
HPRegen 0.00/turn               (ring currently unavailable)
MPRegen 0.08/turn               (ring currently unavailable)

@: bat-form, flying, bloodless, inhibited regen, very quick
A: fast, flying, no casting, bloodless, tiny, fangs 3, see invisible, vampiric
2, [frail 1]
a: Revivify, End Transformation


You were on level 2 of the Dungeon.
You were a vampire bat.
You visited 1 branch of the dungeon, and saw 2 of its levels.

You collected 54 gold pieces.

Inventory:

Armour
 a - a +0 robe (melded)
 c - a +0 pair of gloves (melded)
Scrolls
 b - 2 scrolls of identify {unknown}
 d - a scroll of enchant armour {unknown}
 g - a scroll of fear {unknown}
 i - a scroll of blinking {unknown}
Potions
 e - a potion of flight {unknown}
 f - a potion of degeneration {unknown}
 h - a potion of curing {unknown}


   Skills:
 + Level 3.4 Fighting
 * Level 4.4 Dodging
 - Level 3.0 Stealth
 + Level 3.3 Unarmed Combat


You had 2 spell levels left.
You didn't know any spells.
Your spell library contained the following spells:

 Spells                   Type           Power      Damage    Failure   Level
 Summon Guardian Golem    Hex/Summ       0%         N/A       71%         3
 Orb of Destruction       Conj           0%         N/A       100%        7
 Spellforged Servitor     Conj/Summ      0%         N/A       100%        7


Dungeon Overview and Level Annotations

Branches:
Dungeon (2/15)

Altars:

Annotations:
D:2 Natasha


Innate Abilities, Weirdness & Mutations

You are a vampire bat.
You are tiny and dextrous.
You move quickly.
You are flying.
You are immune to poison.
Your equipment is almost entirely melded.
You are incapable of wielding weapons or throwing items.
You cannot cast spells.
You do not regenerate when monsters are visible.
You are frail without blood (-20% HP).
You can heal yourself when you bite living creatures.
You have razor-sharp teeth.
You have supernaturally acute eyesight. (SInv)
You are afflicted with vampirism and can become a bat while bloodless.
[You are frail. (-10% HP)]


Message History

You see here a worm corpse.
A rat is nearby!
A rat is nearby!
You catch the helpless rat completely off-guard!
You draw the rat's blood!
You hit the rat.
You kill the rat!
No target in view!
No target in view!
i - a scroll labelled FAGUMA COUCSIC You see here 13 poisoned darts.
Natasha is nearby!
Natasha is nearby!
Natasha hisses angrily.
You hit Natasha.
Natasha is lightly wounded.
Natasha completely misses you.
You hit Natasha but do no damage.
Natasha is lightly wounded.
Natasha claws you.
You hit Natasha.
Natasha is moderately wounded.
Natasha barely misses you.
You barely miss Natasha.
Natasha is moderately wounded.
Natasha misses you.
You hit Natasha.
Natasha is moderately wounded.
Natasha misses you.
You hit Natasha but do no damage.
Natasha is moderately wounded.
Natasha closely misses you.
You hit Natasha.
Natasha is heavily wounded.
Natasha hisses.
Natasha claws you!
* * * LOW HITPOINT WARNING * * *
Natasha casts a spell at you. The magic dart hits you!
Ouch! That really hurt!
You die...

.# ##.##
.########...######
..........#......#
#########...####.#
......## #.# #.#
.# ####### #.# #.#
.# #.# #.# ## #.#
#.# #b# #.# #.#
#.# #.# #.#
#.###.# #.h...#
#######


You could see Natasha.

Vanquished Creatures
  An adder (D:2)
  A worm (D:2)
  2 dart slugs
  4 endoplasms (D:1)
  2 giant cockroaches (D:2)
  2 goblins (D:1)
  4 hobgoblins
  A quokka (D:2)
  8 ball pythons
  6 bats
  A frilled lizard (D:2)
  3 rats
35 creatures vanquished.

Notes
Turn   | Place    | Note
-------+----------+-------------------------------------------
     0 | D:1      | BlueGoblin the Vampire Monk began the quest for the Orb.
     0 | D:1      | Reached XP level 1. HP: 17/17 MP: 1/1
   258 | D:1      | Reached XP level 2. HP: 24/24 MP: 2/2
   329 | D:1      | Found a faded altar of an unknown god.
   629 | D:1      | Reached skill level 4 in Dodging
   994 | D:2      | Gained mutation: You are afflicted with vampirism and can
                  | become a bat while bloodless. [Vampire growth]
   994 | D:2      | Reached XP level 3. HP: 26/26 MP: 3/3
  1239 | D:2      | Noticed Natasha
  2124 | D:2      | Killed from afar by Natasha

Illustrated notes

Levels and vault maps discovered:
D:1:      kennysheep_arrival_seaside, layout_rooms,
          hellmonk_ecumenical_altar_zigzags
D:2:      layout_loops_ring, uniq_natasha

Skill      XL: |  1  2 |
---------------+-------+-----
Fighting       | 3 |  3.4
Dodging        | 4 |  4.4
Stealth        | |  3.0
Unarmed Combat | |  3.3

Action                   || total
-------------------------++-------
Melee: Unarmed           ||   147
       Bite              ||    16
 Abil: Exsanguinate      ||     2
       Revivify          ||     1
       Bat Form          ||     1
 Stab: Sleeping          ||     9
       Distracted        ||     2
Armor: Robe              ||    14
Dodge: Dodged            ||   118

Table legend: (Time is in decaauts)
 A = Elapsed time spent in this place.
 B = Non-inter-level travel time spent in this place.
 C = Inter-level travel time spent in this place.
 D = Time resting spent in this place.
 E = Time spent auto-exploring this place.
 F = Levels seen in this place.
 G = Mean time per level.
                   A        B        C        D        E       F      G
               +--------+--------+--------+--------+--------+-----+--------+
         Total |   1961 |   1883 |     78 |    512 |    915 |   2 |  980.5 |
       Dungeon |   1961 |   1883 |     78 |    512 |    915 |   2 |  980.5 |
               +--------+--------+--------+--------+--------+-----+--------+

Top non-repeatable levels by time:
     D:1: 1160 daAuts
     D:2: 801 daAuts
